 Dungeon Crawl Stone Soup version 0.22-a0-126-g307c7c3 (webtiles) character file.

63 Klosterheim the Poker (level 3, 0/45 HPs)
             Began as a Demonspawn Monk on Jan 30, 2018.
             Succumbed to an adder's poison
             ... on level 2 of the Dungeon.
             The game lasted 00:02:30 (1325 turns).

Klosterheim the Poker (Demonspawn Monk)             Turns: 1325, Time: 00:02:31

Health: 0/45       AC: 21    Str: 12    XL:     3   Next: 89%
Magic:  3/3        EV:  2    Int: 11    God:
Gold:   117        SH:  0    Dex: 15    Spells: 2/2 levels left

rFire    . . .     SeeInvis .   m - +0 dagger (drain)
rCold    . . .     Gourm    .   (no shield)
rNeg     + + +     Faith    .   (armour currently unavailable)
rPois    +         Spirit   .   (helmet currently unavailable)
rElec    .         Reflect  .   (cloak currently unavailable)
rCorr    .         Harm     .   (gloves currently unavailable)
MR       .....     NoTele   +   (boots currently unavailable)
Stlth    ++........             (no amulet)
HPRegen  0.15/turn              (no ring)
MPRegen  0.08/turn              (no ring)

@: lethally poisoned (0 -> -2), tree-form
A: powered by death 1, rot immunity
a: no special abilities


You were on level 2 of the Dungeon.
You were not hungry.
You were a tree.
You visited 1 branch of the dungeon, and saw 2 of its levels.

You collected 117 gold pieces.

Inventory:

Hand Weapons
 a - a +0 spear
 m - a +0 dagger of draining (weapon)
Armour
 b - a +0 robe (melded)
 i - a +0 pair of boots (melded)
Jewellery
 g - an uncursed amulet of rage {unknown}
 l - an uncursed ring of ice {unknown}
Scrolls
 d - a scroll of enchant armour {unknown}
 f - a scroll of identify {unknown}
 h - a scroll of amnesia {unknown}
 j - a scroll of remove curse {unknown}
 k - a scroll of fog {unknown}
Comestibles
 c - a ration
 n - 6 chunks of flesh


   Skills:
 + Level 3.6 Fighting
 * Level 3.9 Polearms
 - Level 2.6 Dodging
 - Level 1.7 Stealth


You had 2 spell levels left.
You didn't know any spells.

Dungeon Overview and Level Annotations

Branches:
Dungeon (2/15)

Altars:
Hepliaklqana


Innate Abilities, Weirdness & Mutations

You regenerate a little health from kills.
You are immune to rotting.


Message History

You hit the adder. You drain the adder!
The adder is severely wounded.
The adder bites you but does no damage. The frilled lizard misses you.
The quokka closely misses you.
You hit the adder but do no damage.
The adder is severely wounded.
The adder closely misses you. The frilled lizard bites you.
* * * LOW HITPOINT WARNING * * *
The quokka closely misses you. The adder closely misses you.
You barely miss the adder.
The adder is severely wounded.
The quokka bites you.
* * * LOW HITPOINT WARNING * * *
The frilled lizard bites you.
* * * LOW HITPOINT WARNING * * *
The adder misses you.
It was a potion of lignification.
You turn into a tree.
Your +0 pair of boots melds into your body.
Your +0 robe melds into your body.
Your roots penetrate the ground.
You die...

........ . ## ......... ..
.......####. #....#......
#....#....%# #........##
#.Slr..#... #.♣.(..... # #.
##...#....... #. #.####..###
...). # ##
###.##.##......#.......#.##.
..........##...#............
.........# ##..#.......####.
.........## #..#..[... ###..
..........###......... .....
#.....###..##### #...#.


You could see an adder, a quokka and a frilled lizard.

Vanquished Creatures
  2 adders (D:2)
  2 dart slugs
  4 leopard geckos
  7 bats
  5 hobgoblins
  3 jackals (D:1)
  2 kobolds
  A ball python (D:1)
  A frilled lizard (D:1)
  5 goblins
  4 rats
36 creatures vanquished.

Notes
Turn   | Place    | Note
-------+----------+-------------------------------------------
     0 | D:1      | Klosterheim the Demonspawn Monk began the quest for the Orb.
     0 | D:1      | Reached XP level 1. HP: 18/18 MP: 1/1
   256 | D:1      | Gained mutation: You regenerate a little health from kills. [demonic ancestry]
   256 | D:1      | Reached XP level 2. HP: 24/24 MP: 2/2
   801 | D:2      | Found a hazy altar of Hepliaklqana.
   823 | D:2      | Gained mutation: You are immune to rotting. [demonic ancestry]
   823 | D:2      | Reached XP level 3. HP: 24/29 MP: 3/3
  1324 | D:2      | HP: 1/30 [frilled lizard (2)]
  1325 | D:2      | Succumbed to an adder's poison

Vault maps used:
D:1:      elethiomel_arrival_infinity_welcomes_careful_drivers,
          minmay_tiny_reverse_x
D:2:      nicolae_overflow_hidden_temple

Skill      XL: |  1 |
---------------+----+-----
Polearms       | 3 |  3.9
Fighting       | |  3.6
Dodging        | |  2.6
Stealth        | |  1.7

Action                   || total
-------------------------++-------
Melee: Spear             ||    94
       Dagger            ||    36
  Use: Potion            ||     1
 Stab: Sleeping          ||     2
  Eat: Chunk             ||     1
Armor: Robe              ||    23
Dodge: Dodged            ||    87

Table legend:
 A = Spawn XP
 B = Non-spawn XP
 C = Spawn XP percentage of total XP
 D = Spawn monster count
 E = Non-spawn monster count
 F = Spawn count percentage of total count
 G = Total turns spent on level
                    A         B        C        D         E        F      G
               +---------+---------+-------+---------+---------+-------+---------
         Total |       0 |      91 |   0.0 |       0 |      36 |   0.0 |  1325
               +---------+---------+-------+---------+---------+-------+---------
           D:1 |       0 |      38 |   0.0 |       0 |      21 |   0.0 |   790
           D:2 |       0 |      53 |   0.0 |       0 |      15 |   0.0 |   535
               +---------+---------+-------+---------+---------+-------+---------
